 Dungeon Crawl Stone Soup version 0.26-b1-32-g5d43845318 (webtiles) character file.

Game seed: 646144625178398013

42 Aviak the Slasher (level 3, 0/19 HPs)
             Began as a Vine Stalker Gladiator on Jan 9, 2021.
             Slain by Sigmund
             ... wielding a +0 scythe
              (8 damage)
             ... on level 2 of the Dungeon.
             The game lasted 00:01:15 (1073 turns).

Aviak the Slasher (Vine Stalker Gladiator)          Turns: 1073, Time: 00:01:15

Health: 0/19       AC: 11    Str: 16    XL:     3   Next: 54%
Magic:  0/4        EV: 13    Int:  8    God:
Gold:   60         SH:  0    Dex: 16    Spells: 2/2 levels left

rFire    . . .     SeeInvis .   m - +1 dagger (protect)
rCold    . . .     Faith    .   (no shield)
rNeg     . . .     Spirit   +   g - +0 leather armour (curse)
rPois    .         Reflect  .   c - +0 helmet
rElec    .         Harm     .   (no cloak)
rCorr    .         Rampage  .   (no gloves)
Will     .....                  (no boots)
Stlth    +.........             l - amulet of regeneration
HPRegen  0.46/turn              (no ring)
MPRegen  0.09/turn              (no ring)

@: mighty, protection aura
A: fangs 2, magic shield, antimagic bite, no potion heal 3
a: no special abilities


You were on level 2 of the Dungeon.
You visited 1 branch of the dungeon, and saw 2 of its levels.

You collected 60 gold pieces.

Inventory:

Hand Weapons
 a - a +0 long sword
 m - a +1 dagger of protection (weapon)
Missiles
 d - 3 throwing nets (quivered) {!f}
Armour
 b - a +0 leather armour
 c - a +0 helmet (worn)
 g - a cursed +0 leather armour (worn)
Jewellery
 l - an amulet of regeneration (around neck)
Scrolls
 h - a scroll of teleportation {unknown}
 j - a scroll of remove curse {unknown}
 k - a scroll of fear {unknown}
 n - a scroll of identify {unknown}
 o - a scroll of immolation {unknown}
Potions
 e - a potion of berserk rage {unknown}
 f - 3 potions of might
 i - a potion of haste {unknown}


   Skills:
 + Level 2.3 Fighting
 + Level 1.0(2.0) Short Blades
 - Level 2.8(3.0) Long Blades
 - Level 2.0 Throwing
 + Level 2.8 Dodging


You had 2 spell levels left.
You didn't know any spells.
Your spell library was empty.

Dungeon Overview and Level Annotations

Branches:
Dungeon (2/15)

Altars:

Annotations:
D:2 Sigmund


Innate Abilities, Weirdness & Mutations

You have extremely sharp teeth.
When hurt, damage is shared between your health and your magic reserves.
Your bite disrupts and absorbs the magic of your enemies.
Potions cannot restore your health.


Message History

You barely miss the adder. Your bite misses the adder.
The adder is moderately wounded.
Something hits you but does no damage. The adder bites you but does no damage.
You hit the adder. You bite the adder.
You kill the adder!
Your base Short Blades skill increases to level 1!
Something hits you but does no damage.
Things that are here:
an adder corpse; an adder corpse You barely miss something.
Something hits you!
You completely miss something. Your bite misses something. You miss something.
Your bite misses something. Something hits you.
Okay, then.
You hit something. You puncture something! Your bite misses something.
You hear some strange, mumbled words.
Something tries to affect you, but you resist.
You miss something. You bite something! You drain its magic.
You feel invigorated. Something hits you!
You die...

..... #.# .....#
..@..##.##.....#
..............#
..............
....(......# .......@...#
##################'####
..............####.#######
................@.........
...............###.##.####
.....########...##.....#
.... #.#.#####..# ...
#.#..####..## ..
#.#.......... .
#.#.......... #.#......#.
#.#......#


There were no monsters in sight!

Vanquished Creatures
  2 adders (D:2)
  2 leopard geckos (D:1)
  2 goblins
  4 hobgoblins
  4 kobolds
  A quokka (D:2)
  3 bats
  3 frilled lizards (D:1)
  A rat (D:1)
22 creatures vanquished.

Notes
Turn   | Place    | Note
-------+----------+-------------------------------------------
     0 | D:1      | Aviak the Vine Stalker Gladiator began the quest for the
                  | Orb.
     0 | D:1      | Reached XP level 1. HP: 11/11 MP: 2/2
   266 | D:1      | Reached XP level 2. HP: 13/15 MP: 3/3
  1046 | D:2      | Noticed Sigmund
  1065 | D:2      | Reached XP level 3. HP: 17/18 MP: 4/4
  1067 | D:2      | Reached skill level 1 in Short Blades
  1073 | D:2      | Slain by Sigmund

Illustrated notes

Levels and vault maps discovered:
D:1:      lightli_arrival_quake, layout_loops_corners
D:2:      layout_basic, lemuel_zombie_altar_kikubaaqudgha,
          makhleb_blood_cavern_becter, uniq_sigmund, uniq_terence

Skill      XL: |  1  2  3 |
---------------+----------+-----
Throwing       | 2 |  2.0
Fighting       | 2 |  2.3
Short Blades   | 1 |  1.0
Long Blades    | |  2.8
Dodging        | |  2.8

Action                   || total
-------------------------++-------
Melee: Long sword        ||    21
       Bite              ||    16
       Dagger            ||    63
  Use: Potion            ||     1
 Stab: Sleeping          ||     2
Armor: Leather armour    ||    32
Dodge: Dodged            ||    55
       Rpst.: Long sword ||     1
